 Dungeon Crawl Stone Soup version 0.28-a0-1184-g53156a8862 (webtiles) character file.

Game seed: 14923406750175625792

753 frimble the Cutter (level 7, -2/75 HPs)
             Began as a Demonspawn Warper on Dec 18, 2021.
             Slain by an unseen horror (5 damage)
             ... on level 5 of the Dungeon.
             The game lasted 00:06:55 (6092 turns).

frimble the Cutter (Demonspawn Warper)              Turns: 6092, Time: 00:06:55

Health: -2/75      AC: 23    Str: 11    XL:     7   Next: 49%
Magic:  10/10      EV:  2    Int: 17    God:
Gold:   136        SH:  5    Dex: 14    Spells: 8/10 levels left

rFire   . . .      SeeInvis .   a - +1 short sword
rCold   . . .      Faith    .   e - +0 buckler
rNeg    . . .      Spirit   .   (armour currently unavailable)
rPois   +          Reflect  .   (helmet currently unavailable)
rElec   .          Harm     .   (cloak currently unavailable)
rCorr   .          Rampage  .   (gloves currently unavailable)
Will    .....      NoTele   +   (boots currently unavailable)
Stlth   ++........              (no amulet)
HPRegen 0.22/turn               (no ring)
MPRegen 0.12/turn               (no ring)

@: tree-form, attractive
A: stationary, stasis, torment immunity, boosted hp, thin skeletal structure 1,
(spiny 1), (weakness stinger 2)
a: no special abilities


You were on level 5 of the Dungeon.
You were a tree.
You visited 1 branch of the dungeon, and saw 6 of its levels.

You collected 136 gold pieces.

Inventory:

Hand Weapons
 a - a +1 short sword (weapon)
Missiles
 d - 4 boomerangs of dispersal (quivered)
 k - 25 poisoned darts
 q - 3 boomerangs
Armour
 b - a +0 leather armour (melded)
 e - a +0 buckler (worn)
 h - a scarf of invisibility
 j - a +1 pair of boots (melded)
 n - a +0 cloak (melded)
 o - a +2 helmet (melded)
Scrolls
 c - a scroll of blinking
 p - a scroll of enchant weapon
Potions
 g - a potion of resistance
 m - a potion of haste


   Skills:
 - Level 2.1 Fighting
 + Level 5.7 Short Blades
 - Level 1.0 Throwing
 - Level 1.1 Armour
 - Level 1.9 Dodging
 - Level 4.0 Shields
 - Level 2.0 Spellcasting
 - Level 2.7 Translocations
 - Level 2.5 Evocations


You had 8 spell levels left.
You knew the following spells:

 Your Spells              Type           Power      Damage    Failure   Level
a - Blink                 Tloc           22%        N/A       10%         2

Your spell library contained the following spells:

 Spells                   Type           Power      Damage    Failure   Level
 Gell's Gravitas          Tloc           11%        N/A       19%         3
 Lesser Beckoning         Tloc           11%        N/A       19%         3
 Teleport Other           Tloc           11%        N/A       19%         3
 Manifold Assault         Tloc           11%        N/A       86%         5


Dungeon Overview and Level Annotations

Branches:
Dungeon (6/15)             Temple (0/1) D:4

Altars:
Nemelex Xobeh

Annotations:
D:4 2 transporters


Innate Abilities, Weirdness & Mutations

You are a tree.
Your roots penetrate the ground, keeping you stationary.
You cannot be teleported.
You are immune to unholy pain and torment.
Your maximum health is greatly increased.
Your equipment is partially melded.
You have a somewhat thin skeletal structure. (Dex +2, Stealth+)
((You are partially covered in sharp spines.))
((You have a tail ending in a sharp stinger.))


Message History

You are too injured to fight recklessly!
You are too injured to fight recklessly!
You are too injured to fight recklessly!
You are too injured to fight recklessly!
You are too injured to fight recklessly!
You closely miss the necrophage.
The necrophage is almost destroyed.
The necrophage is struck by your spines.
You destroy the necrophage!
Something hits you but does no damage. Something hits you! x2
* * * LOW HITPOINT WARNING * * *
You aren't carrying any items that you can evoke.
Okay, then.
Okay, then.
Unknown command.
You aren't carrying any items that you can evoke.
Unknown command.
Unknown command.
Unknown command.
It was a potion of lignification.
You turn into a tree.
Your +0 cloak melds into your body.
Your +2 helmet melds into your body.
Your +1 pair of boots melds into your body.
Your +0 leather armour melds into your body.
Your roots penetrate the ground.
Something hits you.
* * * LOW HITPOINT WARNING * * *
Really quaff the potion of attraction?
You feel attractive to monsters. Something hits you!
* * * LOW HITPOINT WARNING * * *
Okay, then.
Unknown command.
You cannot move.
Unknown command.
You swing at nothing.
Something hits you but does no damage.
Unknown command.
You swing at nothing.
Something hits you!
* * * LOW HITPOINT WARNING * * *
You swing at nothing.
Something hits you.
You die...

#### ..# #.# ###.#####
### #.......#
#...#.#...#.#######
...................
.......♣...........
#.#....#.##.############
#......#.##...# #.....
..######'####.# #..)). .
......#.#####..)).
#.....#.......####
#.....#######.##..
#.....# #.##.#
####.....##### #....#


There were no monsters in sight!

Vanquished Creatures
  Sigmund (D:2)
  An ogre (D:4)
  A necrophage (D:5)
  A water moccasin skeleton (D:4)
  A jelly (D:3)
  A centaur skeleton (D:4)
  An orc priest (D:5)
  A bullfrog skeleton (D:5)
  Jessica (D:2)
  An iguana (D:4)
  An orc wizard (D:3)
  7 gnolls
  2 adders
  A white imp (D:6)
  2 ufetubi (D:4)
  A worm (D:3)
  4 dart slugs
  7 orcs
  7 ball pythons
  3 endoplasms
  3 giant cockroaches
  6 goblins
  4 hobgoblins
  8 jackals
  A quokka (D:5)
  3 bats
  3 frilled lizards
  6 kobolds
  2 rats (D:3)
81 creatures vanquished.

Notes
Turn   | Place    | Note
-------+----------+-------------------------------------------
     0 | D:1      | frimble the Demonspawn Warper began the quest for the Orb.
     0 | D:1      | Reached XP level 1. HP: 16/16 MP: 3/3
    47 | D:2      | Reached skill level 1 in Armour
   308 | D:2      | Reached skill level 1 in Throwing
   316 | D:1      | Gained mutation: You have a small tail. [demonic ancestry]
   316 | D:1      | Reached XP level 2. HP: 20/22 MP: 5/5
   559 | D:1      | Reached skill level 2 in Short Blades
  1510 | D:2      | Noticed Jessica
  1521 | D:2      | Killed Jessica
  1522 | D:2      | Reached skill level 1 in Shields
  1522 | D:2      | Reached XP level 3. HP: 15/27 MP: 6/6
  1803 | D:2      | Reached skill level 1 in Evocations
  1933 | D:2      | Reached XP level 4. HP: 31/33 MP: 7/7
  2319 | D:2      | Noticed Sigmund
  2381 | D:2      | Killed Sigmund
  2382 | D:2      | Reached skill level 3 in Short Blades
  2382 | D:2      | Gained mutation: You are partially covered in sharp spines.
                  | [demonic ancestry]
  2382 | D:2      | Reached XP level 5. HP: 22/38 MP: 6/8
  2806 | D:2      | Gained mutation: You have a somewhat thin skeletal
                  | structure. (Dex +2, Stealth+) [demonic ancestry]
  2806 | D:2      | Reached XP level 6. HP: 29/44 MP: 9/9
  3508 | D:3      | Found a faded altar of an unknown god.
  3847 | D:3      | You fall into a shaft and drop 3 floors!
  3851 | D:6      | Learned a level 2 spell: Blink
  4075 | D:6      | Reached skill level 4 in Short Blades
  4110 | D:5      | Entered Level 5 of the Dungeon
  4840 | D:4      | Noticed an orc warrior
  4845 | D:4      | Found a sparkling altar of Nemelex Xobeh.
  4869 | D:4      | Found a staircase to the Ecumenical Temple.
  4887 | D:4      | Gained mutation: You have a tail ending in a sharp stinger.
                  | [demonic ancestry]
  4887 | D:4      | Reached XP level 7. HP: 50/50 MP: 10/10
  5512 | D:4      | Found a transporter.
  5519 | D:4      | Found a transporter.
  5855 | D:5      | Reached skill level 5 in Short Blades
  6091 | D:5      | HP: 3/75 [something (8)]
  6092 | D:5      | Slain by an unseen horror

Illustrated notes

Levels and vault maps discovered:
D:1:      minmay_arrival_radiant_lines, layout_basic, lemuel_old_faithful
D:2:      layout_basic, uniq_jessica, uniq_sigmund
D:3:      layout_loops_ring, shapermc_ecumenical_altar_notcrosses
D:4:      layout_loops_ring, gammafunk_temple_overflow_arena,
          minmay_temple_entry_stoned_glass
D:5:      layout_basic
D:6:      layout_rooms, uniq_maggie

Skill      XL: |  1  2  3  4  5  6  7 |
---------------+----------------------+-----
Armour         | 1 |  1.1
Throwing       | 1 |  1.0
Short Blades   | 2 3 4 5 |  5.7
Shields        | 1 2 4 |  4.0
Evocations     | 1 2 |  2.5
Fighting       | |  2.1
Dodging        | |  1.9
Spellcasting   | |  2.0
Translocations | |  2.7

Action                   |  1- 3 |  4- 6 |  7- 9 || total
-------------------------+-------+-------+-------++-------
Melee: Short sword       |   108 |   132 |    63 ||   303
       Tailslap          |     9 |    18 |     8 ||    35
Throw: Dart              |     8 |    19 |       ||    27
       Boomerang         |       |     1 |       ||     1
 Cast: Blink             |       |     5 |       ||     5
 Abil: Evoke Invisibilit |       |     1 |       ||     1
  Use: Scroll            |       |       |     9 ||     9
       Potion            |       |       |     2 ||     2
 Stab: Sleeping          |       |     4 |     1 ||     5
Armor: Leather armour    |    62 |    53 |    18 ||   133
       Skin              |       |       |     1 ||     1
Dodge: Dodged            |    64 |    77 |    22 ||   163
Block: Buckler           |       |     1 |    15 ||    16

Table legend: (Time is in decaauts)
 A = Elapsed time spent in this place.
 B = Non-inter-level travel time spent in this place.
 C = Inter-level travel time spent in this place.
 D = Time resting spent in this place.
 E = Time spent auto-exploring this place.
 F = Levels seen in this place.
 G = Mean time per level.
                   A        B        C        D        E       F      G
               +--------+--------+--------+--------+--------+-----+--------+
         Total |   6077 |   5874 |    203 |    661 |   4278 |   6 | 1012.8 |
       Dungeon |   6077 |   5874 |    203 |    661 |   4278 |   6 | 1012.8 |
               +--------+--------+--------+--------+--------+-----+--------+

Top non-repeatable levels by time:
     D:2: 1736 daAuts
     D:4: 1498 daAuts
     D:1: 1163 daAuts
     D:3: 1127 daAuts
     D:5: 290 daAuts
     D:6: 261 daAuts
